Map: 카탈리스트 - 래더

Players

llllllllllll

  • Race: Protoss Protoss
  • League: Grandmaster
  • Spawn Location: 5:00

TOP - Winner!

  • Race: Terran Terran
  • League: Master
  • Spawn Location: 11:00

VOD

Have the link to the VOD?

Description

Time

  • Played on: Feb. 5, 2018, 4:44 a.m.
  • Length: 9:20
Show
View Real Time Build Order
Export as new Build Order

llllllllllll Protoss 

Build Orders: 1 Gate Expand, Colossus Rush 

Get SALT Encoding   

  12  0:00  Probe  
  13  0:14  Probe  
  13  0:18  Pylon  
  14  0:26  Probe  
  15  0:38  Probe (Chrono Boost), Gateway  
  16  0:44  Assimilator  
  16  0:51  Probe (Chrono Boost)  
  17  0:58  Probe (Chrono Boost)  
  18  1:05  Probe  
  19  1:17  Probe  
  20  1:26  Nexus  
  20  1:36  Cybernetics Core  
  20  1:39  Probe  
  21  1:44  Assimilator  
  21  1:51  Probe  
  22  1:55  Pylon  
  22  2:03  Probe  
  23  2:10  Stalker (Chrono Boost)  
  23  2:14  Warp Gate  
  23  2:15  Probe  
  26  2:29  Robotics Facility, Probe  
  27  2:39  Probe (Chrono Boost)  
  27  2:42  Probe (Chrono Boost)  
  29  2:50  Probe (Chrono Boost)  
  29  2:51  Probe (Chrono Boost), Stalker  
  31  2:54  Probe (Chrono Boost)  
  31  2:56  Probe  
  35  3:05  Probe  
  36  3:08  Probe  
  37  3:14  Gateway  
  37  3:16  Observer  
  37  3:17  Probe  
  39  3:23  Gateway  
  39  3:24  Stalker  
  41  3:28  Probe  
  41  3:31  Pylon  
  42  3:49  Probe x2  
  44  4:01  Probe x2  
  47  4:04  Robotics Bay  
  46  4:13  Probe x2  
  48  4:18  Pylon  
  48  4:22  Stalker  
  48  4:23  Stalker  
  52  4:25  Probe x2  
  52  4:37  Probe  
  52  4:38  Probe  
  54  4:43  Assimilator  
  54  4:44  Colossus (Chrono Boost)  
  54  4:45  Assimilator  
  54  4:48  Pylon  
  54  4:49  Probe  
  54  4:50  Probe  
  62  5:06  Probe x2  
  62  5:07  Forge  
  64  5:09  Twilight Council  
  64  5:10  Pylon  
  64  5:18  Probe x2  
  66  5:28  Colossus (Chrono Boost)  
  66  5:30  Probe  
  73  5:37  Pylon  
  73  5:41  Pylon  
  73  5:42  Protoss Ground Weapons Level 1  
  73  5:45  Extended Thermal Lance (Chrono Boost)  
  73  5:50  Nexus  
  73  5:53  Blink (Chrono Boost)  
  73  5:58  Gateway  
  73  5:59  Gateway  
  73  6:04  Gateway  
  73  6:07  Sentry  
  74  6:26  Gateway  
  74  6:27  Gateway  
  74  6:29  Pylon  
  74  6:30  Stalker x3  
  79  6:57  Zealot x5  
  79  7:00  Shield Battery  
  89  7:01  Shield Battery  
  89  7:14  Stalker  
  89  7:31  Zealot x2  
  93  7:49  Zealot x5  
  103  8:00  Pylon  
  103  8:04  Stalker  
  89  8:19  Colossus  
  86  8:20  Zealot x2  
  87  8:55  Pylon  
  87  8:59  Pylon  
  87  9:01  Nexus  
  87  9:04  Pylon  
  87  9:07  Pylon  
Show
View Real Time Build Order
Export as new Build Order

TOP Terran - Winner!

Build Orders: Reaper Expand, MMM Bio 

Get SALT Encoding   

  12  0:00  SCV  
  13  0:13  SCV  
  14  0:18  Supply Depot  
  14  0:25  SCV  
  15  0:28  Refinery  
  15  0:39  SCV  
  16  0:44  Barracks  
  16  0:51  SCV  
  17  1:03  SCV  
  18  1:16  SCV  
  19  1:34  Reaper, Orbital Command  
  20  1:45  Command Center  
  20  1:55  Factory  
  20  1:59  SCV  
  21  2:05  Refinery  
  21  2:08  Barracks Reactor  
  21  2:12  SCV  
  22  2:18  Supply Depot  
  22  2:24  SCV  
  23  2:39  SCV  
  24  2:44  Starport  
  24  2:50  Hellion x2  
  28  2:51  SCV  
  28  2:57  Orbital Command  
  29  3:04  SCV  
  30  3:14  Widow Mine x2  
  30  3:16  SCV  
  35  3:21  Medivac  
  35  3:23  Barracks Tech Lab  
  35  3:25  SCV  
  38  3:28  SCV  
  39  3:37  SCV  
  39  3:40  SCV  
  39  3:47  Factory Tech Lab  
  38  3:49  SCV  
  38  3:52  SCV  
  40  4:01  SCV, Marine  
  40  4:02  Stimpack  
  40  4:04  SCV  
  40  4:07  Siege Tank  
  40  4:08  Barracks  
  40  4:09  Starport Reactor  
  44  4:10  Engineering Bay  
  44  4:14  SCV, Barracks  
  44  4:16  SCV  
  46  4:23  Supply Depot  
  46  4:25  Refinery  
  46  4:26  Refinery  
  46  4:45  SCV x2, Supply Depot, Marine, Terran Infantry Weapons Level 1, Siege Tank  
  52  4:57  SCV x2  
  54  5:06  Marine x2  
  56  5:08  Starport Reactor, Marine x2, Supply Depot x2  
  56  5:09  SCV x2  
  56  5:10  Marauder  
  62  5:29  Marine x2  
  62  5:32  Marauder  
  62  5:34  SCV, Supply Depot x2  
  67  5:36  Combat Shields, Widow Mine  
  67  5:37  Marauder, Widow Mine  
  74  5:43  Supply Depot  
  74  5:46  SCV, Medivac  
  74  5:47  Medivac  
  78  5:55  Marauder, Marine x2  
  82  6:00  Supply Depot  
  82  6:01  SCV x2  
  82  6:03  Marauder  
  82  6:04  Widow Mine x2  
  90  6:05  Concussive Shells  
  90  6:17  Marauder  
  92  6:23  Marine  
  92  6:25  Marauder, Widow Mine  
  97  6:30  Marine, Widow Mine  
  97  6:31  Medivac x2  
  104  6:38  Marauder  
  106  6:41  Marine  
  106  6:43  Supply Depot, Liberator  
  106  6:44  Terran Infantry Armor Level 1, Supply Depot  
  106  6:46  Marauder  
  109  6:48  Widow Mine  
  107  6:56  Liberator  
  107  6:57  Marine  
  107  6:58  Marine  
  107  6:59  Widow Mine  
  107  7:00  Marauder  
  116  7:07  Marauder  
  121  7:15  Marine  
  121  7:16  Marine  
  121  7:21  Marauder  
  122  7:26  Liberator  
  122  7:29  Marauder  
  117  7:31  Widow Mine x2  
  117  7:33  Marine  
  117  7:34  Marine  
  126  7:45  Marauder, Barracks x2  
  126  7:50  Marine  
  129  7:52  Supply Depot x2  
  129  8:00  Marine  
  130  8:06  Marauder  
  130  8:08  Marauder  
  130  8:09  Marine  
  121  8:18  Marine  
  122  8:27  Marine  
  122  8:28  Marauder  
  122  8:29  Marauder  
  127  8:36  Marine  
  122  8:45  Marine  
  120  8:49  Marauder  
  120  8:50  Marine, Barracks Reactor  
  120  8:51  Barracks Tech Lab  
  120  8:53  Command Center, Marine  
Tags
 
Add a new tag
Caveats
  • Supply blocks, unpowered buildings, or Contaminate may cause inaccurate times.
  • Supply counts are checked every 10 seconds.